[Event "Serbian League 2024"]
[Site "Bajina Basta"]
[Date "2024.10.03"]
[Round "7.12"]
[White "Solymosi, Andras"]
[Black "Zivanovic, Bojan"]
[Result "1-0"]
[ECO "A11"]
[WhiteElo "2180"]
[BlackElo "2161"]
[Annotator "RC"]
[PlyCount "123"]
[EventDate "2024.09.26"]
[EventType "team-tourn"]
[EventCountry "SRB"]
[SourceTitle "playchess.com"]
[Source "ChessBase"]
[SourceQuality "1"]
[TimeControl "40/5400+30:1800+30"]

1. Nf3 Nf6 2. g3 d5 3. Bg2 Bf5 4. O-O e6 5. c4 c6 6. d3 Nbd7 7. Nc3 Be7 8. Re1 Nb6 9. cxd5 cxd5 10. a4 O-O 11. Nd4 Bg6 12. a5 Nbd7 13. a6 Qc8 14. e4 Bc5 15. Nb3 bxa6 16. Nxc5 Nxc5 17. Na4 dxe4 18. Nxc5 Qxc5 19. dxe4 Rfd8 20. Qe2 a5 21. Bd2 Bh5 22. Qe3 Qxe3 23. Bxe3 Ng4 24. Bc5 Ne5 25. Rxa5 Nd3 26. Rea1 Nxc5 27. Rxc5 Rd1+ 28. Rxd1 Bxd1 29. b4 Rb8 30. f4 h6 31. b5 Be2 32. Bf1 Bxf1 33. Kxf1 Kf8 34. Ke2 Ke8 35. Kd3 Kd7 36. Kc4 Rb6 37. Kb4 Rd6 38. Ka5 Rb6 39. e5 Kd8 40. g4 g6 41. Rc3 Rb7 42. Rh3 Rc7 43. Ka6 Rc4 44. Kxa7 Ra4+ 45. Kb7 Rxf4 46. Rd3+ Ke7 47. b6 Rxg4 48. Kc6 Rc4+ 49. Kb5 Rc2 50. b7 Rb2+ 51. Kc6 Rc2+ 52. Kb6 Rb2+ 53. Kc7 Rc2+ 54. Kb8 Rb2 55. Rc3 Kd7 56. Rc7+ Kd8 57. h3 Rb3 58. Rxf7 Rxh3 59. Ka7 Ra3+ 60. Kb6 Rb3+ 61. Kc6 Ke8 62. Rh7 1-0

[Event "Serbian League 2024"]
[Site "Bajina Basta"]
[Date "2024.10.03"]
[Round "7.13"]
[White "Sarana, Alexey"]
[Black "Kuybokarov, Temur"]
[Result "1-0"]
[ECO "E60"]
[WhiteElo "2713"]
[BlackElo "2562"]
[Annotator "TA"]
[PlyCount "83"]
[EventDate "2024.09.26"]
[EventType "team-tourn"]
[EventCountry "SRB"]
[SourceTitle "playchess.com"]
[Source "ChessBase"]
[SourceQuality "1"]
[TimeControl "40/5400+30:1800+30"]

1. d4 {[%emt 0:00:02] Krasenkow,Michal} Nf6 2. c4 g6 3. f3 e6 4. e4 c5 5. d5 d6 6. Nc3 {[%emt 0:00:48] E60: King's Indian: Unusual lines and Fianchetto Variation without Nc3.} Bg7 {[%emt 0:00:12] 6...Bg7 scores better than 6...exd5.} 7. Nge2 exd5 8. cxd5 Nbd7 9. Ng3 h5 10. Be2 Nh7 11. Nf1 a6 $146 ({Predecessor:} 11... Qh4+ 12. g3 Qe7 13. Ne3 O-O 14. a4 Ne5 15. O-O Bh3 16. Re1 Rae8 17. Bd2 a6 {1-0 Ding,L (2812)-Grischuk,A (2771) Gashimov Memorial 6th 2019 (2)}) 12. a4 Qh4+ 13. g3 Qe7 14. Ne3 Bd4 15. Nc2 Bg7 16. O-O h4 17. Be3 ({White should try} 17. g4 $14) 17... O-O (17... hxg3 $11 18. hxg3 f5) 18. Qd2 b6 (18... Ne5 $11) 19. Rae1 $14 Ne5 20. Kg2 (20. Bh6 {simplifies} hxg3 21. hxg3 f5 22. exf5 Bxf5 23. Bxg7 Qxg7 24. Ne3) 20... f5 21. Bf4 fxe4 22. Nxe4 Bf5 23. Ng5 Qd7 {[%emt 0:03:15] [#]} (23... Nxg5 $11 {remains equal.} 24. Bxg5 h3+ 25. Kg1 Qd7) 24. Ne6 $1 $16 Bxe6 25. dxe6 Qxe6 26. Ne3 Nf6 27. Bxe5 Qxe5 28. Nc4 Qd5 29. Qc2 Rae8 30. Nxb6 Qg5 31. f4 Qh6 32. Bxa6 (32. Qd1 $16) 32... Ng4 $1 $11 33. Qb3+ Kh7 $2 (33... Kh8 $11 {and Black has nothing to worry.} 34. h3 Rxe1 35. Rxe1 Nf6) 34. Nd7 h3+ $2 (34... Rh8 $16) 35. Kh1 $18 Nf2+ 36. Kg1 $1 Bd4 (36... Ng4 $142) 37. Rxe8 $18 (37. Nxf8+ Qxf8 38. Ra1 Re3 39. Qb7+ Re7 $11) 37... Rxe8 38. Qf7+ ({Stronger than} 38. Rxf2 Qg7 39. Kf1 Bxf2 (39... Qxd7 40. Re2 $16) 40. Kxf2 Qxd7 $19) 38... Qg7 39. Qxe8 Ng4+ 40. Kh1 Nf2+ 41. Rxf2 $1 Bxf2 42. Bd3 1-0

[Event "Serbian League 2024"]
[Site "Bajina Basta"]
[Date "2024.10.03"]
[Round "7.14"]
[White "Sychev, Klementy"]
[Black "Matlakov, Maxim"]
[Result "1-0"]
[ECO "B38"]
[WhiteElo "2532"]
[BlackElo "2636"]
[Annotator "TA"]
[PlyCount "101"]
[EventDate "2024.09.26"]
[EventType "team-tourn"]
[EventCountry "SRB"]
[SourceTitle "playchess.com"]
[Source "ChessBase"]
[SourceQuality "1"]
[TimeControl "40/5400+30:1800+30"]

1. e4 c5 2. Nf3 g6 3. d4 cxd4 4. Nxd4 Nc6 5. c4 Bg7 6. Be3 Qb6 7. Nb5 {[%emt 0:09:45] B38: Sicilian: Maroczy Bind with 5...Bg7 and 7...0-0.} Qa5+ 8. N5c3 $1 {[%emt 0:01:21][%mdl 4] is currently scoring better than 8.N1c3.} d6 9. Be2 Qb4 10. Qc1 Bd4 11. Bd2 Nf6 12. O-O Bg4 13. Bxg4 Nxg4 14. h3 $5 $146 {[%emt 0:01:18][%mdl 8] An interesting novelty.} ({Predecessor:} 14. Na3 Qc5 15. Nd1 Qe5 16. Bf4 Qxe4 17. Nb5 O-O 18. Nxd4 Qxd4 19. h3 Nge5 20. Bh6 {0-1 Donchenko,A (2639)-Vakhidov,J (2580) Tashkent UzChess Challengers 2024 (7)}) 14... Nf6 15. Na3 Ne5 16. Nc2 ({Better is} 16. b3 $16 Nd3 17. Qc2 (17. Nc2 $2 $19)) 16... Qc5 (16... Qxc4 $14 17. Nxd4 Qxd4) 17. Nxd4 $16 Qxd4 18. Nb5 Qc5 19. b3 a6 20. Nc3 O-O 21. Be3 Qa5 22. Bg5 Ned7 23. a4 Rac8 24. Rb1 Rfe8 25. Re1 Nh5 26. Nd5 f6 27. Bd2 Qd8 28. Qd1 e6 29. Nc3 Qe7 30. Be3 Nc5 31. Qd2 Rc6 32. f4 f5 33. exf5 gxf5 34. Bf2 Qf7 35. Bd4 Nf6 36. Bxf6 Qxf6 37. Re3 Kf7 (37... Kh8 $14) 38. b4 Nd7 {[%emt 0:00:25] [#]} 39. c5 $1 Rd8 40. Rd3 (40. cxd6 $6 Nb6 41. Rd3 Nc4 $14) 40... d5 $2 (40... Qh4 $16 {was necessary.} 41. b5 (41. Rxd6 Rxd6 42. cxd6 Nb6 $18) (41. cxd6 Nb6 $16) 41... axb5) 41. Nxd5 $18 exd5 42. Rxd5 Ke8 43. Rd1 Qe7 44. Kh2 (44. Rxf5 Nf6 45. Qxd8+ Qxd8 46. Rxd8+ Kxd8 $11) 44... Re6 45. Qd4 (45. Rxf5 Nf6 46. Qxd8+ Qxd8 47. Rxd8+ Kxd8 $11) 45... Qf7 46. b5 (46. Qh8+ Ke7 47. Qd4 Ke8) 46... axb5 47. axb5 h5 48. Rd3 Rf6 49. Re3+ Kf8 50. c6 bxc6 51. bxc6 1-0

[Event "Serbian League 2024"]
[Site "Bajina Basta"]
[Date "2024.10.03"]
[Round "7.16"]
[White "Pap, Misa"]
[Black "Nestorovic, Nikola"]
[Result "1/2-1/2"]
[ECO "C70"]
[WhiteElo "2389"]
[BlackElo "2458"]
[Annotator "RC"]
[PlyCount "47"]
[EventDate "2024.09.26"]
[EventType "team-tourn"]
[EventCountry "SRB"]
[SourceTitle "playchess.com"]
[Source "ChessBase"]
[SourceQuality "1"]
[TimeControl "40/5400+30:1800+30"]

1. e4 e5 2. Nf3 Nc6 3. Bb5 a6 4. Ba4 Nge7 5. c3 Ng6 6. d4 exd4 7. cxd4 Bb4+ 8. Nc3 d5 9. exd5 Bxc3+ 10. bxc3 Qxd5 11. Qe2+ Qe6 12. d5 Qxe2+ 13. Kxe2 b5 14. Bb3 Na5 15. Rd1 Bb7 16. d6 cxd6 17. Rxd6 O-O 18. Be3 Rac8 19. Rc1 Ne7 20. Nd4 Rfd8 21. Rxd8+ Rxd8 22. Bg5 Rd7 23. Bxe7 Rxe7+ 24. Kf1 1/2-1/2

[Event "Serbian League 2024"]
[Site "Bajina Basta"]
[Date "2024.10.03"]
[Round "7.17"]
[White "Todorovic, Goran M"]
[Black "Damljanovic, Branko"]
[Result "1/2-1/2"]
[ECO "C56"]
[WhiteElo "2289"]
[BlackElo "2354"]
[Annotator "TA"]
[PlyCount "23"]
[EventDate "2024.09.26"]
[EventType "team-tourn"]
[EventCountry "SRB"]
[SourceTitle "playchess.com"]
[Source "ChessBase"]
[SourceQuality "1"]
[TimeControl "40/5400+30:1800+30"]

1. e4 e5 2. Nf3 Nc6 3. Bc4 d6 4. d4 Nf6 5. dxe5 dxe5 6. Qxd8+ Nxd8 7. Nxe5 Nxe4 8. Nd2 {[%emt 0:01:49] White has an edge.} Nd6 {[%emt 0:02:38] The position is equal.} 9. Bb3 a5 10. a4 Be6 11. O-O Be7 12. Re1 {[%emt 0:04:18] Not much happened in this game.   Weighted Error Value: White=0.05 (flawless) /Black=0.03 (flawless) .  Inaccurate:     	White=1     	---        OK:         	White=4     	Black=4} 1/2-1/2

[Event "Serbian League 2024"]
[Site "Bajina Basta"]
[Date "2024.10.03"]
[Round "7.18"]
[White "Ivanovic, Marko"]
[Black "Arsovic, Goran"]
[Result "0-1"]
[ECO "E90"]
[WhiteElo "2240"]
[BlackElo "2356"]
[Annotator "TA"]
[PlyCount "82"]
[EventDate "2024.09.26"]
[EventType "team-tourn"]
[EventCountry "SRB"]
[SourceTitle "playchess.com"]
[Source "ChessBase"]
[SourceQuality "1"]
[TimeControl "40/5400+30:1800+30"]

1. d4 Nf6 2. Nf3 g6 3. c4 Bg7 4. Nc3 d6 5. e4 O-O 6. h3 e5 7. d5 Na6 8. Bg5 Qe8 9. g4 Kh8 10. Be3 Ng8 11. g5 f5 12. Qc2 (12. Be2 $14) 12... Nb4 (12... Ne7 $15) 13. Qb3 $11 a5 14. Be2 Bd7 15. O-O-O (15. Qd1 $11 {should be considered.}) 15... fxe4 $15 16. Nd2 Nd3+ 17. Bxd3 exd3 18. Nde4 b6 19. Rdg1 (19. Nb5 $11 a4 (19... Bxb5 20. Qxb5 Qf7 21. Qb3 $11) 20. Qxd3 Bxb5 21. cxb5) 19... Ne7 20. Qd1 Qf7 21. Qxd3 Nf5 22. h4 Nd4 23. Rg3 (23. Qd1 $11) 23... Bf5 $1 $17 24. Kb1 ({White should try} 24. Rd1) 24... a4 25. a3 Rab8 $2 (25... c6 $1 $19 {[%cal Ob6b5] Strongly threatening ...b5!} 26. dxc6 b5) 26. Ka1 (26. Nb5 $1 $11) 26... Nb3+ 27. Ka2 Nd4 (27... b5 $1 $17 {[%cal Rb5b4] ...b4 is the strong threat.} 28. cxb5 Nd4) 28. f3 {[%emt 0:03:10] [#]} (28. Ka1 $11) 28... Nxf3 29. h5 {[%emt 0:05:44] [#]} ({White should play} 29. Rxf3 $15 Bxe4 30. Rxf7 Bxd3 31. Rxc7) 29... gxh5 $1 $19 30. Qd1 {[%emt 0:00:39] [#]} Bg4 (30... Nd4 $1 $19 {aiming for ...Bg6.} 31. Rxh5 Bg6) 31. Qxa4 $2 {[%emt 0:00:23][%mdl 8192] [#]} (31. Nf2 $15) 31... Nd4 $1 32. Rxg4 hxg4 33. Qd1 Nf3 34. Qe2 Qf5 35. Ng3 Qg6 36. Nce4 Rf4 37. Bc1 (37. Nf2 $142) 37... Nd4 {[%emt 0:00:15] Black is clearly winning.} 38. Qg2 Rf3 39. Rh4 Nb3 40. Rxg4 (40. Bd2 $142 b5 41. Bc3 Nc1+ (41... bxc4 $2 42. Rxg4 Nc1+ 43. Ka1 $19) 42. Kb1) 40... Nxc1+ 41. Kb1 Rf4 {[%emt 0:30:40] Weighted Error Value: White=0.69/Black=0.30.  Loses game:     	White=1     	---        Missed win:     	---       	Black=1      Mistake:       	White=9     	Black=4      Inaccurate:     	White=1     	Black=2      OK:         	White=10    	Black=10     Best:        	---       	Black=1      Strong:       	---       	Black=3} 0-1

[Event "Serbian League 2024"]
[Site "Bajina Basta"]
[Date "2024.10.03"]
[Round "7.19"]
[White "Visakh N R"]
[Black "Adhiban, B.."]
[Result "1/2-1/2"]
[ECO "E90"]
[WhiteElo "2504"]
[BlackElo "2537"]
[Annotator "RC"]
[PlyCount "55"]
[EventDate "2024.09.26"]
[EventType "team-tourn"]
[EventCountry "SRB"]
[SourceTitle "playchess.com"]
[Source "ChessBase"]
[SourceQuality "1"]
[TimeControl "40/5400+30:1800+30"]

1. d4 Nf6 2. c4 g6 3. Nc3 Bg7 4. e4 d6 5. Nf3 O-O 6. Bd3 Bg4 7. Be2 Bxf3 8. Bxf3 Nfd7 9. Be3 Nc6 10. d5 Na5 11. Be2 Nb6 12. Bd4 Bxd4 13. Qxd4 c5 14. dxc6 e5 15. Qd2 bxc6 16. b3 Qe7 17. O-O Rad8 18. Rac1 Nb7 19. b4 d5 20. cxd5 Qxb4 21. Rfd1 cxd5 22. Nxd5 Nxd5 23. exd5 Qe7 24. Rc6 Nd6 25. Qb4 e4 26. Qc5 Rfe8 27. g3 e3 28. Qxe3 1/2-1/2

[Event "Serbian League 2024"]
[Site "Bajina Basta"]
[Date "2024.10.03"]
[Round "7.20"]
[White "Can, Emre"]
[Black "Vignesh N R"]
[Result "1/2-1/2"]
[ECO "D16"]
[WhiteElo "2547"]
[BlackElo "2511"]
[Annotator "TA"]
[PlyCount "49"]
[EventDate "2024.09.26"]
[EventType "team-tourn"]
[EventCountry "SRB"]
[SourceTitle "playchess.com"]
[Source "ChessBase"]
[SourceQuality "1"]
[TimeControl "40/5400+30:1800+30"]

1. d4 d5 2. c4 c6 3. Nf3 Nf6 4. Nc3 dxc4 5. a4 e6 6. e3 c5 7. Bxc4 cxd4 8. Nxd4 Bb4 9. O-O O-O 10. Qe2 Qe7 11. e4 Rd8 12. Nf3 h6 13. e5 Nd5 14. Qe4 Bxc3 (14... Nxc3 15. bxc3 Bc5 16. Bd3 $18) 15. bxc3 f5 {[%emt 0:03:08] Repels Qg4} ({Black should play} 15... Nc6) 16. exf6 $16 Qxf6 17. Bb2 {[%emt 0:10:44] A strong pair of Bishops.} (17. Bd3 $142 {And now Qh7+ would win.} Qf5 18. Qh4) 17... Nc6 {[%emt 0:00:34] [#]} (17... Na6 $142) 18. Rad1 (18. Rfe1 $142 $1) 18... Bd7 19. Rfe1 Be8 20. Nh4 (20. Qxe6+ Qxe6 21. Rxe6 Bf7 $14) (20. Nd4 $16 Nc7 21. Nxe6 (21. Bxe6+ Nxe6 22. Qxe6+ Qxe6 $11) 21... Nxe6 22. Qxe6+ (22. Bxe6+ Bf7 $16) 22... Qxe6 23. Bxe6+ Bf7 24. Bd7) 20... Bh5 {[%emt 0:08:42] The position is equal.} 21. Rd2 (21. Qxe6+ $2 {perishes.} Qxe6 22. Rxe6 Bxd1 $19) 21... Nf4 22. Rxd8+ (22. Bxe6+ $2 {too greedy.} Qxe6 23. Qxe6+ Nxe6 $19) 22... Rxd8 23. Nf5 (23. Bxe6+ $2 {is the wrong capture.} Nxe6 (23... Qxe6 24. Qxe6+ Nxe6 25. h3 $19) 24. c4 Qxb2 $19) 23... Bf7 24. Nd4 e5 (24... Bg6 $5 25. Qe3 $8 Nxd4 26. cxd4 Kh7 $16) 25. Nxc6 {[%emt 0:03:41] Weighted Error Value: White=0.15 (very precise) /Black=0.14 (very precise) .  Mistake:       	White=3     	Black=2      Inaccurate:     	---       	Black=1      OK:         	White=10    	Black=2      Best:        	White=1     	Black=2} 1/2-1/2

[Event "Serbian League 2024"]
[Site "Bajina Basta"]
[Date "2024.10.03"]
[Round "7.21"]
[White "Milanovic, Danilo"]
[Black "Bogosavljevic, Boban"]
[Result "0-1"]
[ECO "E51"]
[WhiteElo "2442"]
[BlackElo "2486"]
[Annotator "RC"]
[PlyCount "74"]
[EventDate "2024.09.26"]
[EventType "team-tourn"]
[EventCountry "SRB"]
[SourceTitle "playchess.com"]
[Source "ChessBase"]
[SourceQuality "1"]
[TimeControl "40/5400+30:1800+30"]

1. d4 Nf6 2. c4 e6 3. Nc3 Bb4 4. e3 d5 5. Bd2 O-O 6. Nf3 Nbd7 7. a3 Bxc3 8. Bxc3 c5 9. dxc5 Nxc5 10. Bd4 b6 11. Be2 Bd7 12. b3 a5 13. O-O a4 14. b4 Nb3 15. Ra2 Rc8 16. Rc2 Nxd4 17. Qxd4 dxc4 18. Rxc4 Rxc4 19. Qxc4 Qb8 20. Qd4 Rc8 21. Ne5 Be8 22. h3 Rd8 23. Qb2 Ne4 24. Bd3 Nd6 25. Rc1 Rc8 26. Rc3 h6 27. Qc1 Rxc3 28. Qxc3 Bb5 29. Bc2 Qc8 30. Qxc8+ Nxc8 31. Nf3 Nd6 32. Nd4 Bd7 33. f4 Nc4 34. b5 Nxe3 35. Bxa4 Nc4 36. Bc2 Nxa3 37. Bd3 Kf8 0-1

[Event "Serbian League 2024"]
[Site "Bajina Basta"]
[Date "2024.10.03"]
[Round "7.22"]
[White "Zajic, Milan"]
[Black "Spasic, Petar"]
[Result "1/2-1/2"]
[ECO "B51"]
[WhiteElo "2404"]
[BlackElo "2304"]
[Annotator "TA"]
[PlyCount "51"]
[EventDate "2024.09.26"]
[EventType "team-tourn"]
[EventCountry "SRB"]
[SourceTitle "playchess.com"]
[Source "ChessBase"]
[SourceQuality "1"]
[TimeControl "40/5400+30:1800+30"]

1. e4 c5 2. Nf3 d6 3. Bb5+ Nd7 4. O-O a6 5. Bd3 Ngf6 6. Re1 g6 7. c3 Bh6 8. Bc2 {[%emt 0:01:31] White is slightly better.} Ne5 9. Nxe5 dxe5 10. d3 Bxc1 11. Qxc1 O-O 12. Qe3 Qc7 13. Nd2 Kg7 14. h3 Rd8 15. Nf3 Nd7 16. Rac1 Nf8 17. Bb3 Qd6 18. Red1 Be6 19. d4 Bxb3 20. axb3 cxd4 21. cxd4 exd4 22. Nxd4 {[%emt 0:01:19][%cal Bf3d4,Bd4f5,Bf5e3][%mdl 32] [#] Threatens to win with Nf5+!} Kg8 23. e5 Qb6 24. Nf5 Rxd1+ 25. Rxd1 Qxe3 26. Nxe3 {[%emt 0:01:05] Weighted Error Value: White=0.10 (very precise) /Black=0.08 (flawless) .  Inaccurate:     	White=2     	---        OK:         	White=5     	Black=5      Best:        	---       	Black=2} 1/2-1/2

[Event "Serbian League 2024"]
[Site "Bajina Basta"]
[Date "2024.10.03"]
[Round "7.23"]
[White "Stankovic, Boris"]
[Black "Roganovic, Milos"]
[Result "1/2-1/2"]
[ECO "B33"]
[WhiteElo "2290"]
[BlackElo "2434"]
[Annotator "TA"]
[PlyCount "55"]
[EventDate "2024.09.26"]
[EventType "team-tourn"]
[EventCountry "SRB"]
[SourceTitle "playchess.com"]
[Source "ChessBase"]
[SourceQuality "1"]
[TimeControl "40/5400+30:1800+30"]

1. e4 c5 2. Nf3 Nc6 3. d4 cxd4 4. Nxd4 Nf6 5. Nc3 e5 6. Ndb5 d6 7. Bg5 a6 8. Na3 b5 9. Bxf6 gxf6 10. Nd5 Bg7 11. g3 f5 12. exf5 Bxf5 13. Bg2 {[%emt 0:00:22] Prevents Be4.} Bd7 14. O-O {[%emt 0:02:12] White is more active.} O-O {[%emt 0:02:46] White is slightly better.} 15. c3 Rb8 16. Nc2 {[%emt 0:01:39] Excellent horsemanship.} a5 17. a3 f5 18. f4 (18. Qd2 {looks sharper.} f4 19. gxf4 Qh4 20. fxe5 Nxe5 21. f4) 18... Kh8 19. Kh1 Ne7 20. Nce3 Ng6 21. Qh5 exf4 22. Nxf4 Nxf4 23. gxf4 Qe8 24. Qxe8 Rfxe8 25. Rae1 b4 26. axb4 axb4 27. cxb4 {[%emt 0:00:00] [#]} (27. Nd5 $11 {keeps the balance.}) 27... Rxb4 ({Black should play} 27... Bb5 $1 $17 28. Rf3 Bd4 (28... Bxb2 29. Rb1 $11)) 28. Nxf5 $1 {[%emt 0:00:00] Weighted Error Value: White=0.19 (very precise) /Black=0.16 (very precise) .  Mistake:       	White=1     	Black=1      Inaccurate:     	White=4     	Black=2      OK:         	White=3     	Black=4      Strong:       	White=1     	---} 1/2-1/2

[Event "Serbian League 2024"]
[Site "Bajina Basta"]
[Date "2024.10.03"]
[Round "7.24"]
[White "Toth, Aleksandar"]
[Black "Petrovic, Aleksa"]
[Result "1-0"]
[ECO "A07"]
[WhiteElo "2333"]
[BlackElo "2250"]
[Annotator "TA"]
[PlyCount "103"]
[EventDate "2024.09.26"]
[EventType "team-tourn"]
[EventCountry "SRB"]
[SourceTitle "playchess.com"]
[Source "ChessBase"]
[SourceQuality "1"]
[TimeControl "40/5400+30:1800+30"]

1. Nf3 d5 2. g3 c6 3. Bg2 Bf5 4. O-O e6 5. d3 Nf6 6. Nh4 Bg4 7. h3 Bh5 8. Qe1 Be7 {[%emt 0:03:29] The position is equal.} 9. e4 Nfd7 10. f4 Bxh4 11. gxh4 O-O 12. Qg3 f5 13. exd5 exd5 14. Nd2 Na6 15. Nf3 Rf6 16. Ne5 {[%emt 0:12:17] Dodges Rg6} Nac5 17. Qf2 Ne6 18. Nxd7 Qxd7 19. Bd2 Bf7 20. Rae1 Rh6 21. Kh2 Nf8 22. Bf3 Qd8 23. Rg1 Qxh4 24. Qxh4 Rxh4 25. Re7 Ng6 26. Rxb7 {[%emt 0:01:37] [#] Threatens to win with Kg3.} Nxf4 27. Kg3 g5 (27... Rxh3+ $2 {too greedy.} 28. Kxf4 Re8 29. Bd1 $18 (29. Rxa7 h6 $18)) (27... Nxh3 $2 28. Rh1 g5 29. Bxg5 (29. Rxh3 Rxh3+ 30. Kxh3 g4+ 31. Bxg4 fxg4+ 32. Kxg4 c5 $14) 29... Nxg5 30. Rxh4 $18) 28. Bxf4 Rxf4 29. Re1 Bg6 (29... h5 $11 {keeps the balance.}) 30. Re6 $36 {[%emt 0:00:29][%mdl 2048] White is on the roll. White has more active pieces.} Rc8 {[%emt 0:01:23] Loses the game.} (30... a5 $16 {is a better defense.}) 31. Rxa7 $18 Rb4 32. b3 Kf8 $2 (32... Rb5 33. a4 f4+ 34. Kf2 (34. Kg4 Rc5 $18) 34... Rc5) 33. a4 Re8 34. Rf6+ Kg8 35. Rxc6 Rf4 36. Bxd5+ Kh8 37. Re6 {[%emt 0:00:33] [#] Rxe8+ would now be deadly.} Rf8 38. a5 Rf1 39. Bf3 g4 $2 (39... Rc8 40. Kg2 Ra1) 40. hxg4 Rc1 41. gxf5 Bxf5 42. Re2 Rf1 43. Bg2 Rg8+ 44. Kh2 Ra1 45. b4 Ra4 46. Rb7 Ra2 47. Be4 (47. Bd5 $142 Bxd3 48. Bxg8 (48. Bxa2 Ba6 $18) 48... Ba6 49. Bxa2 Bxb7 50. Re8+ Kg7 51. Re7+ Kh6 52. Rxb7) 47... Bxe4 48. dxe4 Ra3 49. Rg2 Rc8 50. e5 h5 51. e6 h4 52. Rb5 {[%emt 0:00:22] Weighted Error Value: White=0.13 (very precise) /Black=0.36.  Mistake:       	---       	Black=3      Inaccurate:     	White=2     	Black=3      OK:         	White=20    	Black=10     Best:        	White=1     	Black=5} 1-0

[Event "Serbian League 2024"]
[Site "Bajina Basta"]
[Date "2024.10.03"]
[Round "7.25"]
[White "Tarhan, Adar"]
[Black "Krstulovic, Alex"]
[Result "1-0"]
[ECO "A48"]
[WhiteElo "2474"]
[BlackElo "2452"]
[Annotator "RC"]
[PlyCount "118"]
[EventDate "2024.09.26"]
[EventType "team-tourn"]
[EventCountry "SRB"]
[SourceTitle "playchess.com"]
[Source "ChessBase"]
[SourceQuality "1"]
[TimeControl "40/5400+30:1800+30"]

1. Nf3 Nf6 2. d4 g6 3. Bg5 Bg7 4. Nbd2 O-O 5. e4 d6 6. c3 c5 7. dxc5 dxc5 8. Bc4 Nc6 9. Qe2 h6 10. Bh4 Nh5 11. Qe3 b6 12. O-O-O Qc7 13. Bd5 Bd7 14. e5 Be6 15. Bxe6 fxe6 16. Bg3 Rf5 17. Nh4 Nxg3 18. Qxg3 Qxe5 19. Nxf5 Qxf5 20. Qf3 Rc8 21. Rhe1 Ne5 22. Qxf5 exf5 23. Kc2 g5 24. Nf3 Nc6 25. Rd5 e5 26. Nd2 Rc7 27. Nc4 Kf7 28. Red1 Ke6 29. Rd6+ Ke7 30. Ne3 Nd4+ 31. R6xd4 exd4 32. Nd5+ Kd6 33. Nxc7 Kxc7 34. Re1 Kd7 35. c4 h5 36. Kd3 Bf6 37. f3 h4 38. g3 h3 39. g4 f4 40. Ke4 Ke6 41. Rd1 a5 42. Rd3 Be7 43. Rb3 Bd8 44. Rb5 Kd6 45. a3 Kc6 46. b4 cxb4 47. axb4 a4 48. Kd3 Be7 49. Kc2 a3 50. Kb3 d3 51. Kxa3 d2 52. Rd5 b5 53. Rxd2 bxc4 54. Ka4 Bf6 55. Rd1 Bb2 56. Rd8 Be5 57. b5+ Kc5 58. Rc8+ Kd4 59. b6 Kd5 1-0

[Event "Serbian League 2024"]
[Site "Bajina Basta"]
[Date "2024.10.03"]
[Round "7.26"]
[White "Sedlak, Nikola"]
[Black "Celik, Hasan Huseyin"]
[Result "1-0"]
[ECO "D02"]
[WhiteElo "2401"]
[BlackElo "2425"]
[Annotator "RC"]
[PlyCount "51"]
[EventDate "2024.09.26"]
[EventType "team-tourn"]
[EventCountry "SRB"]
[SourceTitle "playchess.com"]
[Source "ChessBase"]
[SourceQuality "1"]
[TimeControl "40/5400+30:1800+30"]

1. d4 Nf6 2. Nf3 e6 3. Bf4 c5 4. e3 Nc6 5. Nbd2 d5 6. c3 Nh5 7. Bg5 f6 8. Bh4 cxd4 9. cxd4 g6 10. Rc1 Be7 11. Bb5 Bd7 12. O-O Qb6 13. Ba4 Qa6 14. Re1 Nb4 15. Bxd7+ Kxd7 16. e4 Nd3 17. exd5 Nxe1 18. dxe6+ Ke8 19. Qxe1 Nf4 20. Rc7 Qxe6 21. Ne4 Kf8 22. Rxe7 Qg4 23. Bg3 Nd3 24. Bd6 Nxe1 25. Rd7+ Ke8 26. Nxf6# 1-0

[Event "Serbian League 2024"]
[Site "Bajina Basta"]
[Date "2024.10.03"]
[Round "7.27"]
[White "Kovacevic, Aleksandar"]
[Black "Stojanovic, Dalibor"]
[Result "1/2-1/2"]
[ECO "C68"]
[WhiteElo "2479"]
[BlackElo "2448"]
[Annotator "TA"]
[PlyCount "60"]
[EventDate "2024.09.26"]
[EventType "team-tourn"]
[EventCountry "SRB"]
[SourceTitle "playchess.com"]
[Source "ChessBase"]
[SourceQuality "1"]
[TimeControl "40/5400+30:1800+30"]

1. e4 e5 2. Nf3 Nc6 3. Bb5 a6 4. Bxc6 dxc6 5. O-O Bg4 6. h3 h5 7. d3 Qf6 8. Nbd2 {[%emt 0:00:07] [#]} g5 $1 9. hxg4 (9. b3 Qg7) 9... hxg4 {[%emt 0:00:38][%cal Of6h6] ( -> ...Qh6!)} 10. Re1 $1 gxf3 11. Qxf3 {[%emt 0:00:53] The position is equal.} Qxf3 12. Nxf3 f6 13. Be3 c5 14. g3 Bd6 15. Kg2 Ne7 16. Rh1 Kf7 17. c3 Nc6 18. Rxh8 Rxh8 19. Nd2 Be7 20. Kf3 Ke6 21. Nb3 b6 22. a4 a5 23. Rc1 Bd6 24. Nd2 Kd7 25. Nc4 Ke6 26. Bd2 Rh2 27. Ne3 Ne7 28. Ng4 Rh8 29. Be3 Nc6 30. Kg2 Rh7 {[%emt 0:02:04] Weighted Error Value: White=0.05 (flawless) /Black=0.08 (flawless) .  Inaccurate:     	---       	Black=2      OK:         	White=9     	Black=8      Best:        	---       	Black=1      Strong:       	White=1     	---} 1/2-1/2